 Dungeon Crawl Stone Soup version 0.32-a0-732-ga344392067 (webtiles) character file.

Game seed: 8678627671520526924

17417722 killozap the Heavyweight Champion (level 27, 179/419 HPs)
             Began as a Troll Fighter on Mar 8, 2024.
             Was the Champion of Wu Jian.
             Escaped with the Orb
             ... and 15 runes on Mar 16, 2024!
             The game lasted 11:32:52 (89197 turns).

killozap the Heavyweight Champion (Troll Fighter)  Turns: 89197, Time: 11:32:53

Health: 179/419    AC: 40    Str: 33    XL:     27
Magic:  28/28      EV: 17    Int: 10    God:    Wu Jian [******]
Gold:   18050      SH: 35    Dex: 24    Spells: 25/34 levels left

rFire   + +          .
                       - Unarmed
rCold   . . .        G - +8 tower shield {rPois}
rNeg    + . .        r - melded +2 gold dragon scales
rPois   ∞            q - +0 mask of the Dragon {Will+ Slay+3 SInv}
rElec   +            i - +1 cloak of the Gravedigger {rF+ Str+3}
rCorr   .            (gloves unavailable)
SInv    +            (boots unavailable)
Will    +++..        A - amulet of Qiduf {Regen+ Dex+7}
Stlth   +            Y - ring of protection from cold
HPRegen 2.49/turn    M - ring "Hecahapp" {Fire +Blink rElec Str-2 Dex+4}
MPRegen 0.21/turn

%: no passive effects
@: statue-form, studying 3 skills, very slow
A: slow and powerful, torment resistance 1, boosted hp, large, unfitting armour,
claws 3, regeneration 1, (shaggy fur 1), (tough skin 1), talons 1, (iridescent
scales 1)
0: Orb of Zot
}: 15/15 runes: serpentine, barnacled, slimy, silver, golden, iron, obsidian,
icy, bone, abyssal, demonic, glowing, magical, fiery, dark
a: Begin Untransformation, Renounce Religion, Evoke Blink, Wall Jump, Serpent's
Lash, Heavenly Storm


You escaped.
You worshipped Wu Jian.
Wu Jian was exalted by your worship.
You were a living statue of rough stone.
You visited 18 branches of the dungeon, and saw 86 of its levels.
You visited Pandemonium 1 time, and saw 18 of its levels.
You visited the Abyss 1 time.
You visited 1 bazaar.
You visited 1 ziggurat, and saw 8 of its levels.
You also visited: Trove, Bailey, Ice Cave and Wizlab.

You collected 21429 gold pieces.
You spent 3379 gold pieces at shops.

Inventory:

Missiles
 H - 145 large rocks (quivered)
Armour
 b - the +0 hat of Salvation {Harm rN+++ Slay+4}
   (You found it on level 3 of the Vaults)

   Slay+4:    It affects your accuracy & damage with ranged weapons and melee
   (+4).
   rN+++:     It renders you almost immune to negative energy.
   Harm:      It increases damage dealt and taken.
 i - the +1 cloak of the Gravedigger (worn) {rF+ Str+3}
   (You acquired it on level 1 of the Depths)

   Str+3:     It affects your strength (+3).
   rF+:       It protects you from fire.
 q - the +0 mask of the Dragon (worn) {Will+ Slay+3 SInv}
   (You found it on level 3 of a ziggurat)

   Slay+3:    It affects your accuracy & damage with ranged weapons and melee
   (+3).
   Will+:     It increases your willpower.
   SInv:      It lets you see invisible.
 r - +2 gold dragon scales (melded)
 G - a +8 tower shield of poison resistance (worn)
 V - the +4 cloak "Sacamue" {rN+ Dex+4}
   (You found it in a treasure trove)

   Dex+4:     It affects your dexterity (+4).
   rN+:       It protects you from negative energy.
Jewellery
 a - the ring "Qetofycha" {rF+ rN+}
   (You found it on level 3 of the Crypt)

   [ring of positive energy]

   rF+:       It protects you from fire.
   rN+:       It protects you from negative energy.
 e - a ring of flight
 x - a ring of willpower
 z - the ring of Jumooc {rPois rN++ Str-2 Int+6 Stlth+}
   (You found it in Pandemonium)

   [ring of intelligence]

   Str-2:     It affects your strength (-2).
   Int+6:     It affects your intelligence (+6).
   rPois:     It protects you from poison.
   rN++:      It greatly protects you from negative energy.
   Stlth+:    It makes you more stealthy.
 A - the amulet of Qiduf (around neck) {Regen+ Dex+7}
   (You took it off a frost giant on level 5 of the Vaults)

   [amulet of regeneration]

   Dex+7:     It affects your dexterity (+7).
   Regen+:    It increases your rate of health regeneration.
 K - a ring of resist corrosion
 M - the ring "Hecahapp" (right claw) {Fire +Blink rElec Str-2 Dex+4}
   (You found it on level 5 of the Pits of Slime)

   [ring of fire]

   Fire:      It enhances your fire magic.
   Str-2:     It affects your strength (-2).
   Dex+4:     It affects your dexterity (+4).
   rF+:       It protects you from fire.
   rC-:       It makes you vulnerable to cold.
   rElec:     It insulates you from electricity.
   +Blink:    It lets you blink.
 O - a ring of protection from fire
 Y - a ring of protection from cold (left claw)
Talismans
 n - a granite talisman (active)
 C - a talisman of death
Wands
 h - a wand of paralysis (102)
 E - a wand of acid (36)
 I - a wand of flame (38)
 J - a wand of mindburst (16)
 R - a wand of roots (78)
 S - a wand of digging (3)
Scrolls
 d - 12 scrolls of vulnerability
 g - 11 scrolls of blinking
 j - 20 scrolls of teleportation
 l - 14 scrolls of poison
 t - 10 scrolls of immolation
 v - 12 scrolls of fear
 B - 5 scrolls of fog
 D - 3 scrolls of butterflies
 N - 2 scrolls of revelation
 U - 7 scrolls of silence
Potions
 c - 8 potions of might
 f - 3 potions of resistance
 k - 4 potions of invisibility
 m - 11 potions of cancellation
 o - 16 potions of heal wounds
 p - 34 potions of curing
 s - 3 potions of berserk rage
 u - 8 potions of attraction
 w - 14 potions of lignification
 P - 9 potions of ambrosia
 Q - 2 potions of enlightenment
Miscellaneous
 L - a lightning rod (4/4)
 T - a figurine of a ziggurat
 W - a phantom mirror
 X - a condenser vane
 Z - a phial of floods


   Skills:
 O Level 27 Fighting
 + Level 20.8 Armour
 - Level 9.9 Dodging
 O Level 27 Shields
 O Level 27 Unarmed Combat
 - Level 4.4 Spellcasting
 - Level 14.5 Translocations
 - Level 12.1 Air Magic
 - Level 16.6 Evocations
 * Level 26.4 Shapeshifting


You had 25 spell levels left.
You knew the following spells:

 Your Spells              Type           Power      Damage    Failure   Level
a - Blink                 Tloc           62%        N/A       1%          2
b - Lesser Beckoning      Tloc           62%        N/A       1%          2
c - Vhi's Electric Charg  Tloc/Air       56%        N/A       1%          4
d - Apportation           Tloc           62%        N/A       1%          1

Your spell library contained the following spells:

 Spells                   Type           Power      Damage    Failure   Level
 Shock                    Conj/Air       56%        1d6       1%          1
 Momentum Strike          Conj/Tloc      32%        3d8       1%          2
 Gell's Gravitas          Tloc           31%        N/A       1%          3
 Swiftness                Air            26%        N/A       1%          3
 Teleport Other           Tloc           31%        N/A       1%          3
 Airstrike                Air            13%        2d(2-18)  1%          4
 Manifold Assault         Tloc           31%        N/A       1%          4
 Passage of Golubria      Tloc           31%        N/A       1%          4
 Mercury Vapours          Alch/Air       28%        N/A       3%          2
 Static Discharge         Conj/Air       28%        3-5/arc   3%          2
 Volatile Blastmotes      Fire/Tloc      50%        2d14      3%          3
 Cigotuvi's Dreadful Rot  Necr/Alch/Air  20%        N/A       7%          2
 Dimensional Bullseye     Hex/Tloc       8%         N/A       12%         4
 Iskenderun's Mystic Bla  Conj/Tloc      16%        2d5       12%         4
 Mephitic Cloud           Conj/Alch/Air  10%        N/A       14%         3
 Summon Lightning Spire   Summ/Air       14%        N/A       21%         4
 Foxfire                  Conj/Fire      12%        2x1d4     24%         1
 Freeze                   Ice            8%         1d3       24%         1
 Kiss of Death            Conj/Necr      8%         2d6       24%         1
 Magic Dart               Conj           8%         1d3       24%         1
 Necrotise                Necr           8%         1d4       24%         1
 Sandblast                Erth           4%         2d4       24%         1
 Slow                     Hex            8%         N/A       24%         1
 Sting                    Conj/Alch      8%         1d3       24%         1
 Summon Small Mammal      Summ           8%         N/A       24%         1
 Summon Forest            Summ/Tloc      8%         N/A       34%         5
 Ensorcelled Hibernation  Hex/Ice        4%         N/A       36%         2
 Jinxbite                 Hex            4%         N/A       36%         2
 Searing Ray              Conj           4%         2d4       36%         2
 Silence                  Hex/Air        7%         N/A       50%         5
 Call Canine Familiar     Summ           2%         N/A       58%         3
 Confusing Touch          Hex            2%         N/A       58%         3
 Dazzling Flash           Conj/Hex       4%         N/A       58%         3
 Frozen Ramparts          Ice            4%         1d1       58%         3
 Fugue of the Fallen      Necr           2%         N/A       58%         3
 Hailstorm                Conj/Ice       2%         3d5       58%         3
 Inner Flame              Hex/Fire       3%         N/A       58%         3
 Ozocubu's Armour         Ice            2%         N/A       58%         3
 Passwall                 Erth           2%         N/A       58%         3
 Sigil of Binding         Hex            2%         N/A       58%         3
 Stone Arrow              Conj/Erth      4%         3d7       58%         3
 Summon Ice Beast         Ice/Summ       2%         N/A       58%         3
 Tukima's Dance           Hex            2%         N/A       58%         3
 Vampiric Draining        Necr           2%         2d6       58%         3
 Freezing Cloud           Conj/Ice/Air   5%         6-21      78%         5
 Anguish                  Hex/Necr       1%         N/A       94%         4
 Animate Armour           Summ/Erth      4%         N/A       94%         4
 Brom's Barrelling Bould  Conj/Erth      2%         2d3       94%         4
 Cause Fear               Hex            1%         N/A       94%         4
 Dispel Undead            Necr           2%         3d7       94%         4
 Flame Wave               Conj/Fire      3%         2d5       94%         4
 Fulminant Prism          Conj/Alch      1%         3d5       94%         4
 Ignite Poison            Fire/Alch      3%         N/A       94%         4
 Leda's Liquefaction      Alch/Erth      1%         N/A       94%         4
 Martyr's Knell           Necr/Summ      2%         N/A       94%         4
 Olgreb's Toxic Radiance  Alch           2%         N/A       94%         4
 Sticky Flame             Fire/Alch      3%         2d4       94%         4
 Summon Blazeheart Golem  Fire/Summ      3%         N/A       94%         4
 Conjure Ball Lightning   Conj/Air       7%         3x3d6     97%         6
 Plasma Beam              Fire/Air       10%        2x1d21    97%         6
 Disjunction              Tloc           15%        N/A       99%         8
 Alistair's Intoxication  Alch           1%         N/A       100%        5
 Curse of Agony           Necr           2%         N/A       100%        5
 Fireball                 Conj/Fire      1%         3d3       100%        5
 Iskenderun's Battlesphe  Conj           2%         2d6       100%        5
 Lee's Rapid Deconstruct  Erth           1%         3d4*      100%        5
 Metabolic Englaciation   Hex/Ice        1%         N/A       100%        5
 Summon Mana Viper        Hex/Summ       2%         N/A       100%        5
 Yara's Violent Unravell  Hex/Alch       1%         3d3       100%        5
 Bombard                  Conj/Erth      1%         9d1       100%        6
 Death Channel            Necr           1%         N/A       100%        6
 Permafrost Eruption      Ice/Erth       1%         2x4d2     100%        6
 Sculpt Simulacrum        Ice/Alch       1%         N/A       100%        6
 Starburst                Conj/Fire      1%         6d3       100%        6
 Summon Cactus Giant      Summ           1%         N/A       100%        6
 Enfeeble                 Hex            1%         N/A       100%        7
 Haunt                    Necr/Summ      1%         N/A       100%        7
 Malign Gateway           Summ/Tloc      8%         N/A       100%        7
 Monstrous Menagerie      Summ           1%         N/A       100%        7
 Orb of Destruction       Conj           1%         9d5       100%        7
 Ozocubu's Refrigeration  Ice            1%         4d7       100%        7
 Borgnjor's Revivificati  Necr           1%         N/A       100%        8
 Discord                  Hex            1%         N/A       100%        8
 Ignition                 Fire           1%         3d3       100%        8
 Lehudib's Crystal Spear  Conj/Erth      1%         10d2      100%        8
 Summon Horrible Things   Summ           1%         N/A       100%        8
 Death's Door             Necr           1%         N/A       100%        9
 Dragon's Call            Summ           1%         N/A       100%        9
 Fire Storm               Conj/Fire      1%         8d1       100%        9
 Polar Vortex             Ice            1%         N/A       100%        9
 Shatter                  Erth           1%         3d5*      100%        9
 Sublimation of Blood     Necr           Unusable   N/A       N/A         2

Dungeon Overview and Level Annotations

Branches:
Dungeon (15/15)            Temple (1/1) D:4            Lair (5/5) D:11
 Shoals (4/4) Lair:3        Snake (4/4) Lair:2        Slime (5/5) Lair:5
    Orc (2/2) D:11            Elf (3/3) Orc:2        Vaults (5/5) D:13
  Crypt (3/3) Vaults:3       Tomb (3/3) Crypt:3      Depths (4/4) D:15
   Hell (visited)             Dis (7/7) Hell            Geh (7/7) Hell
    Coc (7/7) Hell            Tar (7/7) Hell            Zot (5/5) Depths:4
 Bailey (visited)           IceCv (visited)          WizLab (visited)

Altars:
Ashenzari
Cheibriados
Dithmenos
Elyvilon
Fedhas
Gozag
Hepliaklqana
Kikubaaqudgha
Makhleb
Nemelex Xobeh
Okawaru
Qazlal
Ru
Sif Muna
Trog
Uskayaw
Vehumet
Wu Jian
Xom
Yredelemnul
Zin
The Shining One
Beogh

Shops:
D:2 !   Orc:2 ?=[:   Elf:1 ?   Elf:3 !*[*!   Shoals:1 *   Snake:1 *
Vaults:1 (   Depths:1 *   Depths:2 :   Depths:3 **(*   Depths:4 ?

Portals:
Hell: Depths:1 Depths:2 Depths:3 Depths:4
Abyss: Depths:2 Depths:3
Pandemonium: Depths:2

Annotations:
D:7 2 transporters, Findleman's ghost, novice DrFi
Lair:4 exclusion: 5 oklob plants


Innate Abilities, Weirdness & Mutations

You are a living statue of rough stone.
Your actions are slow, but your melee attacks are powerful.
You are resistant to unholy torment.
Your maximum health is greatly increased.
Your equipment is partially melded.
You are too large for most types of armour.
You are immune to poison.
You have claws for hands.
Your natural rate of healing is unusually fast.
((You are covered in fur. (AC +1)))
((You have tough skin. (AC +1)))
You have sharp toenails.
((You are partially covered in iridescent scales. (AC +2)))


Message History

The daeva is heavily wounded.
The daeva calls down the wrath of the Shining One upon you.
The Shining One smites you!
You scratch the daeva. The daeva blocks your attack.
The daeva is heavily wounded.
The Brimstone Fiend hits your butterfly!!
Your butterfly dies!
Your butterfly disappears in a burst of colours!
The daeva blocks your attack.
You claw the daeva!
The daeva is heavily wounded.
You block the daeva's attack. x2
You claw the daeva! Your kick misses the daeva.
The daeva is severely wounded.
The daeva calls down the wrath of the Shining One upon you.
The Shining One smites you!
You eviscerate the daeva!!!
You kill the daeva!
The Council accepts your kill.
You hear a splash. x2
The Brimstone Fiend calls on the powers of darkness!
Your body is wracked with pain!
The Brimstone Fiend calls on the powers of darkness!
Your body is wracked with pain!
You lunge at the Brimstone Fiend, in a flurry of attacks.
You barely miss the Brimstone Fiend.
You claw the Brimstone Fiend, but do no damage.
You eviscerate the Brimstone Fiend!!!!!
You kill the Brimstone Fiend!
The Council accepts your kill.
You enter the shallow water.
You see here a hellephant corpse.
There is a staircase leading out of the dungeon, spattered with blood here.
Okay, then.
As you read the scroll of butterflies, it crumbles to dust.
You hear the flapping of tiny wings.
Your butterfly is knocked back by the sudden gust. x3
You feel less exhausted.
Unknown command.
You can't go down here!
You have escaped!

...########.##........#.##..#.#
#### #.÷...........##..#.#
######''###...##..#.#
##~~...b...ß..##..#.#
#~~.bb~~bb~b#.##..#.###
#~.bb~bb.~~~#.##..#....
#~.~bb.bb.~~#.##..#####
#~bbbbbbbb.~#.##...)%..
#~.b~bIb~b.~#.##.......
#bb.bbbbbb.~#.#####...#
#~b.bbbb~).~#..........
#~~~.b)~bb.~#.####..### ######
##.~b~bbb..~~#.# #.#### #....#
#.ß...b...~~##.# #.##.† #....#
#..###''######.####.##.# #....#
#..###..# #.##....... #....#
#.###..## #.......###


There were no monsters in sight!

Vanquished Creatures
  Cerebov (Pan)
  Antaeus (Coc:7)
  Asmodeus (Geh:7)
  Ereshkigal (Tar:7)
  the Royal Jelly (Slime:5)
  Gloorx Vloq (Pan)
  Mnoleg (Pan)
  Ignacio (Pan)
  the Serpent of Hell (Geh:7)
  Lom Lobon (Pan)
  A seraph (D:1)
  Dispater (Dis:7)
  7 dread liches
  Khufu (Crypt:2)
  Mennas (Vaults:2)
  9 orbs of fire
  8 ancient liches
  3 juggernauts (Dis:7)
  Sojobo (Vaults:2)
  Vv (Zot:1)
  Josephina (Crypt:1)
  24 royal mummies
  Saint Roka (Vaults:1)
  5 Killer Klowns
  26 shard shrikes
  2 curse toes
  Geryon (Hell)
  40 caustic shrikes
  Nikola (Snake:3)
  Jory (Vaults:4)
  8 golden dragons
  20 profane servitors
  22 bone dragons
  Norris (Vaults:1)
  3 pandemonium lords (Pan)
  2 doom hounds
  7 iron giants
  A shard shrike zombie (Crypt:3)
  14 hellephants
  12 Brimstone Fiends
  16 Tzitzimimeh
  24 Hell Sentinels
  Zenata (Vaults:2)
  6 walking crystal tomes
  24 tentacled monstrosities
  3 electric golems
  13 liches
  19 Ice Fiends
  25 tainted leviathans
  4 walking earthen tomes
  21 acid blobs
  3 deep elf blademasters
  25 Orb Guardians (Zot:5)
  A walking frostbound tome (Zot:3)
  Mlioglotl (Snake:4)
  29 titans
  16 searing wretches
  8 quicksilver dragons
  13 sphinxes
  29 ancient champions
  The ghost of Xedevy the Bewitcher, an adept KoEn of Dithmenos (Vaults:3)
  2 deep elf master archers (Elf:3)
  Gastronok (Orc:1)
  27 Executioners
  An eldritch tentacle (Pan)
  6 death cobs
  The ghost of bakla the Fencer, an adept CoWr of Jiyva (Snake:4)
  25 tentacled starspawn
  8 shadow dragons
  Aizul (Snake:1)
  8 tengu reavers
  9 revenants
  Kirke (D:13)
  3 demonspawn warmongers (Pan)
  2 daevas
  21 storm dragons
  28 narguns
  A strange machine (WizLab)
  2 draconian monks
  9 protean progenitors
  A fenstrider witch (Pan)
  12 azure jellies
  5 deep elf sorcerers
  11 rockslimes
  Donald (Vaults:2)
  13 frost giants
  5 draconian knights
  10 quicksilver elementals
  10 iron dragons
  6 deep elf elementalists
  22 fire giants
  6 ghouls (Crypt:2)
  8 nagarajas
  14 vault wardens
  2 draconian scorchers
  2 draconian shifters
  8 ghost moths
  45 balrugs
  A spectral caustic shrike (Tar:1)
  26 ironbound preservers
  2 caustic shrike zombies (Abyss:3)
  16 shard shrike simulacra
  10 spectral juggernauts
  6 draconian annihilators
  33 cacodemons
  2 juggernaut zombies
  16 reapers
  6 draconian stormcallers
  9 demonspawn blood saints (Pan)
  3 spriggan defenders (Depths:2)
  13 demonspawn corrupters (Pan)
  An ophan (Abyss:3)
  8 ironbound thunderhulks
  4 curse skulls
  2 orc warlords
  6 juggernaut skeletons
  35 very ugly things
  4 angels
  5 formless jellyfish
  7 vampire knights
  22 stone giants
  6 caustic shrike skeletons
  15 quicksilver oozes
  11 deep elf demonologists
  4 green draconians
  27 elemental wellsprings
  7 deep elf annihilators
  21 bennus
  5 deep elf death magi
  22 putrid mouths
  11 lorocyprocas
  20 dire elephants
  11 demonspawn black suns (Pan)
  43 war gargoyles
  9 black draconians
  2 bunyips (Pan)
  11 purple draconians
  22 wendigos
  8 red draconians
  2 spark wasps
  10 white draconians
  8 yellow draconians
  15 mummy priests
  11 blizzard demons
  14 iron golems
  8 green deaths
  5 merfolk javelineers
  6 crystal guardians
  8 ettins
  6 fire dragons
  8 eidola
  3 jiangshi (Crypt:2)
  An acid blob zombie (Crypt:2)
  18 merfolk impalers
  21 yaktaur captains
  3 spectral krakens (Tar:7)
  4 entropy weavers
  A spectral golden dragon (Tar:3)
  4 spriggan zombies
  2 spectral spriggans
  4 deep elf high priests
  A quicksilver dragon skeleton (Tomb:2)
  24 salamander tyrants
  10 ice dragons
  7 hell beasts
  7 juggernaut simulacra
  20 rakshasas
  3 catoblepae
  2 spriggan air magi (Depths:2)
  7 anacondas
  4 peacekeepers
  A hydra (Lair:3)
  13 great orbs of eyes
  33 vault guards
  12 caustic shrike simulacra
  A spriggan skeleton (Abyss:3)
  3 ogre magi
  An alligator snapping turtle (Shoals:4)
  2 death knights
  2 centaur warriors
  6 merfolk aquamancers
  9 ironbound frosthearts
  7 boulder beetles
  44 dancing weapons
  7 stokers
  7 death yaks
  5 satyrs
  5 tengu warriors
  4 vampire magi
  4 two-headed ogres
  9 deep troll earth magi
  7 demonic crawlers
  A spectral dire elephant (Tar:1)
  29 death scarabs
  8 occultists
  10 naga sharpshooters
  8 deep troll shamans
  4 orc high priests
  49 hell hogs
  A shock serpent (shapeshifter) (D:15)
  9 shock serpents
  83 thrashing horrors
  2 spriggan berserkers
  A titan zombie (Crypt:3)
  11 naga warriors
  26 soul eaters
  3 spectral emperor scorpions (Pan)
  36 wretched stars
  36 hell knights
  41 sixfirhies
  4 iron trolls
  16 deep elf knights
  66 sun demons
  2 hellephant skeletons (Pan)
  2 fire crabs
  A pharaoh ant (Zig:3)
  A titan skeleton (Tomb:2)
  9 skysharks
  11 crystal echidnas
  2 goliath frogs (Pan)
  10 shadow wraiths
  6 cherubim
  2 spectral anacondas
  A death drake (Abyss:3)
  A bunyip zombie (Abyss:3)
  A golden dragon zombie (Crypt:3)
  8 spatial maelstroms
  7 quicksilver dragon simulacra
  Lodul (D:14)
  10 sea snakes
  6 arcanists
  6 salamander mystics
  7 flayed ghosts
  8 deep elf archers
  A glowing orange brain (shapeshifter) (Zig:5)
  38 skeletal warriors
  An orb spider (Abyss:3)
  A shadow dragon zombie (Crypt:1)
  7 glowing orange brains
  2 spectral hydras
  An iron giant skeleton (Tomb:3)
  2 orange crystal statues (Depths:2)
  23 shadow demons
  14 lindwurms
  A mana viper (shapeshifter) (Vaults:4)
  3 sun moths (Pan)
  64 deep trolls
  8 phantasmal warriors
  2 naga ritualists
  2 obsidian statues
  7 mana vipers
  10 spriggan simulacra
  10 bog bodies
  16 ironbound convokers
  17 harpies
  7 orc knights
  A bunyip skeleton (Abyss:3)
  15 necromancers
  A goliath frog zombie (Crypt:2)
  10 orc sorcerers
  24 deep elf pyromancers
  21 deep elf zephyrmancers
  Pikel (D:8)
  5 thermic dynamos
  5 shining eyes
  7 fauns
  21 ugly things
  2 fauns (shapeshifter)
  An iron dragon skeleton (Tomb:3)
  37 salamanders
  An alligator skeleton (Crypt:2)
  11 elephants
  93 large abominations
  A wolf spider (Zig:3)
  4 will-o-the-wisps
  5 cyclopes
  A cyclops (shapeshifter) (Abyss:4)
  12 manticores
  4 frost giant zombies (Tar:6)
  A centaur zombie (Crypt:2)
  21 moths of wrath
  27 black mambas
  3 Executioner simulacra (Pan)
  A stone giant skeleton (Tomb:2)
  2 fire giant zombies (Tar:6)
  4 kobold blastminers
  7 merfolk sirens
  10 worldbinders
  A frost giant skeleton (Vaults:1)
  9 apocalypse crabs
  7 water nymphs
  A meliai (shapeshifter) (D:14)
  18 rust devils
  A black mamba (shapeshifter) (Abyss:5)
  An elephant slug zombie (Crypt:1)
  2 naga zombies
  2 dire elephant zombies
  4 torpor snails
  6 eyes of devastation
  5 gargoyles
  10 guardian serpents
  2 ice statues (Coc:7)
  58 smoke demons
  25 vault sentinels
  17 molten gargoyles
  3 human zombies
  18 naga magi
  2 eyes of devastation (shapeshifter)
  3 centaur skeletons
  A storm dragon simulacrum (Vaults:3)
  44 orange demons
  An alligator snapping turtle zombie (Crypt:3)
  17 cane toads
  3 titan simulacra
  37 yaktaurs
  24 hellions
  8 spectral swamp worms (Tar:7)
  10 efreet
  2 naga skeletons
  3 rime drakes
  22 freezing wraiths
  24 tormentors
  A dire elephant skeleton (Crypt:2)
  5 unseen horrors
  3 kobold demonologists
  A bunyip simulacrum (Coc:2)
  An unseen horror skeleton (Crypt:1)
  5 komodo dragons
  13 ice devils
  28 ancient zymes
  3 iron giant simulacra
  3 red devils
  3 tengu conjurers
  A spectral naga (Tar:7)
  A queen bee (shapeshifter) (D:15)
  3 anaconda simulacra
  2 golden dragon simulacra
  55 guardian mummies
  A queen bee (Lair:2)
  3 spectral harpies
  2 silent spectres
  A spectral demonspawn (Tar:1)
  6 polar bears
  7 wind drakes
  A harpy zombie (Abyss:3)
  5 trolls
  7 hornets
  26 merfolk
  An alligator simulacrum (IceCv)
  20 hellwings
  3 harpy skeletons
  3 iron dragon simulacra
  2 hydra skeletons
  77 raiju
  A tarantella (Zig:1)
  A moth of wrath zombie (Crypt:1)
  A blink frog (shapeshifter) (D:13)
  24 blink frogs
  A fire dragon zombie (Crypt:3)
  A merfolk zombie (Crypt:3)
  5 snapping turtles
  17 dream sheep
  6 glass eyes
  A raiju (shapeshifter) (Abyss:5)
  A jumping spider (Vaults:4)
  4 stone giant simulacra
  3 air elementals
  Sigmund (D:3)
  5 centaur simulacra
  An ettin skeleton (Zig:2)
  48 ynoxinuls
  A shadow (D:13)
  14 water elementals
  16 ushabtiu
  8 wyverns
  63 slime creatures
  56 yaks
  11 spriggans
  A jumping spider (shapeshifter) (D:13)
  13 dire elephant simulacra
  5 naga simulacra
  6 fire bats
  3 vampires (Vaults:3)
  12 wraiths
  5 hogs (D:13)
  231 starcursed masses
  A fire elemental (Elf:2)
  A golden eye (shapeshifter) (D:14)
  7 golden eyes
  9 basilisks
  33 neqoxecs
  4 steam dragons
  2 redbacks
  Menkaure (D:5)
  32 chaos spawn
  3 minotaur simulacra (IceCv)
  2 basilisks (shapeshifter)
  2 wargs
  2 vampire mosquitoes (D:14)
  2 alligator snapping turtle simulacra
  43 small abominations
  15 harpy simulacra
  51 nagas
  An acid dragon (D:9)
  A hydra simulacrum (Coc:5)
  19 water moccasins
  16 spatial vortices
  2 glowing shapeshifter skeletons
  7 hell hounds
  3 meliai simulacra (D:15)
  Duvessa (D:5)
  A sky beast (D:7)
  97 laughing skulls
  15 ogres
  18 orc warriors
  10 black bears
  4 ice beasts
  A black mamba simulacrum (Crypt:1)
  A tengu (shapeshifter) (Abyss:5)
  A centaur (shapeshifter) (Abyss:5)
  4 ettin simulacra
  24 wolves
  8 centaurs
  11 boggarts
  2 phantoms
  8 kobold brigands
  10 brain worms
  11 weeping skulls
  A brain worm (shapeshifter) (Abyss:3)
  A draconian skeleton (Crypt:1)
  3 scorpions
  3 gnoll sergeants
  A wyvern zombie (Crypt:2)
  8 bullfrogs
  2 earth elementals
  A warg skeleton (Crypt:1)
  4 deep troll simulacra (IceCv)
  7 wights
  Dowan (D:5)
  37 killer bees
  A lindwurm simulacrum (IceCv)
  A shapeshifter skeleton (Crypt:1)
  10 electric eels
  5 howler monkeys
  7 crimson imps
  4 quasits (Abyss:3)
  3 hounds
  14 iron imps
  6 jellies
  A bombardier beetle (D:5)
  3 gnoll boudas
  20 orc priests
  5 iguanas
  2 human skeletons (Crypt:1)
  Terence (D:3)
  23 orc wizards
  5 hell rats (Hell)
  A tengu skeleton (Crypt:1)
  63 mummies
  Robin (D:3)
  22 gnolls
  3 adders
  5 white imps
  7 ufetubi
  A dart slug (D:1)
  A ribbon worm (D:2)
  57 orcs
  15 bats
  A bat skeleton (Crypt:1)
  7 endoplasms
  6 giant cockroaches
  16 goblins
  9 hobgoblins
  2 jackals (D:2)
  23 kobolds
  5 quokkas
  4 ball pythons
  A ball python skeleton (Crypt:2)
  2 frilled lizards
  An orc skeleton (Crypt:2)
  6 rats
  3 aspiring fleshes
  A ball lightning (Pan)
  4 creeping infernos (Geh:7)
  25 fire vortices
  4 lurking horrors
  18 starspawn tentacles
  8 tentacles (Tar:7)
5155 creatures vanquished.

Vanquished Creatures (collateral kills)
  An Ice Fiend (Coc:7)
1 creature vanquished.

Vanquished Creatures (others)
  A hellephant (Geh:5)
  A bennu (Tomb:2)
  A green death (Pan)
  A salamander tyrant (Geh:7)
  A spatial maelstrom (Abyss:5)
  A deep elf knight (Elf:2)
  A quicksilver dragon simulacrum (Coc:6)
  2 spriggan simulacra
  2 large abominations (Abyss:3)
  A naga mage (Snake:3)
  An anaconda simulacrum (Hell)
  A tormentor (Geh:5)
  A wolf spider simulacrum (D:15)
  A naga simulacrum (Coc:7)
  A dire elephant simulacrum (Coc:7)
  A harpy simulacrum (Coc:1)
  A small abomination (Abyss:5)
  A laughing skull (Abyss:3)
  A kobold brigand (D:10)
  A wight (D:9)
  An orc wizard (Orc:1)
  12 ball lightnings (Pan)
  3 creeping infernos
  14 foxfires
  7 lurking horrors
  57 starspawn tentacles
  14 tentacles (Tar:7)
130 creatures vanquished.

Grand Total: 5286 creatures vanquished

Notes
Turn   | Place    | Note
-------+----------+-------------------------------------------
     0 | D:1      | killozap the Troll Fighter began the quest for the Orb.
     0 | D:1      | Reached XP level 1. HP: 22/22 MP: 0/0
    30 | D:1      | Found a faded altar of an unknown god.
   100 | D:1      | Reached XP level 2. HP: 29/29 MP: 1/1
   613 | D:2      | Reached XP level 3. HP: 35/36 MP: 2/2
   641 | D:2      | Found a basalt altar of Yredelemnul.
   864 | D:2      | Found Kuusuz's Distillery.
   880 | D:2      | Bought 2 potions of heal wounds for 100 gold pieces
   930 | D:2      | Got Ypeuno Cikk's Textbook on the Zephyr
  1211 | D:3      | Noticed Robin
  1255 | D:2      | Reached XP level 4. HP: 25/44 MP: 3/3
  1285 | D:3      | Killed Robin
  1321 | D:3      | Reached XP level 5. HP: 47/53 MP: 4/4
  1379 | D:3      | Noticed Sigmund
  1439 | D:3      | Noticed Terence
  1448 | D:3      | Killed Terence
  1521 | D:3      | Killed Sigmund
  1522 | D:3      | Reached XP level 6. HP: 49/61 MP: 5/5
  1632 | D:3      | Found a blossoming altar of Fedhas.
  2215 | D:5      | Entered Level 5 of the Dungeon
  2499 | D:4      | Found a staircase to the Ecumenical Temple.
  2508 | Temple   | Entered the Ecumenical Temple
  2512 | Temple   | Became a worshipper of the Wu Jian Council
  2663 | D:4      | Reached skill level 5 in Unarmed Combat
  2803 | D:5      | Noticed Duvessa
  2803 | D:5      | Noticed Dowan
  2809 | D:5      | Killed Dowan
  2810 | D:5      | Reached XP level 7. HP: 43/68 MP: 6/6
  2823 | D:5      | Killed Duvessa
  3275 | D:5      | Found a broken altar of Ashenzari.
  3479 | D:5      | Reached * piety under Wu Jian
  3499 | D:5      | Reached XP level 8. HP: 78/78 MP: 7/7
  3510 | D:5      | Found a shimmering altar of Xom.
  3554 | D:5      | Noticed Menkaure
  3562 | D:5      | Killed Menkaure
  3624 | D:5      | Reached skill level 5 in Shields
  3726 | D:6      | Identified the +2 flail of the Seven Loafs {freeze, +Blink
                  | rElec Str+3}
  4188 | D:5      | Reached skill level 5 in Fighting
  4188 | D:5      | Reached XP level 9. HP: 56/88 MP: 8/8
  4221 | D:6      | Reached skill level 5 in Dodging
  4541 | D:7      | Found a transporter.
  4684 | D:7      | Found a white marble altar of Elyvilon.
  4811 | D:7      | Identified the ring "Abbuc" {+Blink rF+ Int+6 Dex-5}
  4824 | D:7      | Found a transporter.
  4830 | D:7      | Noticed Findleman's ghost (novice DrFi)
  5051 | D:8      | Reached ** piety under Wu Jian
  5246 | D:8      | Noticed Pikel
  5260 | D:8      | Killed Pikel
  5261 | D:8      | Reached XP level 10. HP: 56/98 MP: 9/9
  5515 | D:8      | Noticed a two-headed ogre
  5645 | D:8      | Killed a two-headed ogre
  6148 | D:9      | Reached skill level 10 in Unarmed Combat
  6198 | D:9      | Found a hide-covered altar of Uskayaw.
  6444 | D:9      | Found a bloodstained altar of Trog.
  6570 | D:9      | Reached *** piety under Wu Jian
  6598 | D:9      | Found a flagged portal.
  6640 | Bailey   | Entered a bailey
  6885 | Bailey   | Found a bloodstained altar of Trog.
  7270 | D:9      | Noticed a two-headed ogre
  7284 | D:9      | Killed a two-headed ogre
  7284 | D:9      | Reached XP level 11. HP: 107/107 MP: 10/10
  7411 | D:9      | Noticed a two-headed ogre
  7417 | D:9      | Killed a two-headed ogre
  7425 | D:9      | Noticed a boulder beetle
  7437 | D:9      | Killed a boulder beetle
  7454 | D:9      | Identified the +2 leather armour of the Dwarven Hall {Int+3
                  | Stlth+}
  7528 | D:9      | Reached **** piety under Wu Jian
  7745 | D:10     | Entered Level 10 of the Dungeon
  8478 | D:11     | Found a staircase to the Orcish Mines.
  8631 | D:11     | Reached XP level 12. HP: 119/119 MP: 11/11
  8689 | D:11     | Found a staircase to the Lair.
  9332 | D:12     | Noticed a boulder beetle
  9349 | D:12     | Killed a boulder beetle
  9593 | D:11     | Noticed a two-headed ogre
  9603 | D:11     | Killed a two-headed ogre
  9609 | Lair:1   | Entered Level 1 of the Lair of Beasts
  9723 | Lair:1   | Reached ***** piety under Wu Jian
 10000 | Lair:1   | Identified the +0 robe of the Accordion {Rampage Str+4}
 11065 | Lair:2   | Found a staircase to the Snake Pit.
 11223 | Lair:2   | Reached XP level 13. HP: 109/130 MP: 12/12
 11515 | Lair:3   | Found an ornate altar of the Wu Jian Council.
 12317 | Lair:3   | Found a staircase to the Shoals.
 12676 | Lair:3   | Reached skill level 10 in Shields
 13439 | Lair:4   | Found a basalt altar of Yredelemnul.
 13464 | Lair:4   | Reached skill level 15 in Unarmed Combat
 14005 | Lair:5   | Entered Level 5 of the Lair of Beasts
 14061 | Lair:5   | Reached XP level 14. HP: 141/141 MP: 13/13
 14220 | Lair:5   | Found a staircase to the Slime Pits.
 14684 | Lair:5   | Reached skill level 10 in Fighting
 15329 | Orc:1    | Entered Level 1 of the Orcish Mines
 15517 | Orc:2    | Entered Level 2 of the Orcish Mines
 15555 | Orc:2    | Noticed an orc warlord
 15610 | Orc:2    | Killed an orc warlord
 15696 | Orc:2    | Found a roughly hewn altar of Beogh.
 15696 | Orc:2    | Found a staircase to the Elven Halls.
 16000 | Orc:2    | Found Ujidosch's Book Shoppe.
 16000 | Orc:2    | Found Umpuzxam's Antique Armour Shoppe.
 16001 | Orc:2    | Found Ysatatir's Jewellery Boutique.
 16001 | Orc:2    | Found Qaargh's Magic Scroll Boutique.
 16119 | Orc:1    | Noticed Gastronok
 16157 | Orc:1    | Killed Gastronok
 16696 | D:2      | Bought 2 potions of heal wounds for 100 gold pieces
 16696 | D:2      | Bought 2 potions of cancellation for 160 gold pieces
 16696 | D:2      | Bought a potion of haste for 100 gold pieces
 16696 | D:2      | Bought a potion of heal wounds for 50 gold pieces
 16948 | Orc:2    | Bought a scroll of identify for 26 gold pieces
 16948 | Orc:2    | Bought a scroll of fear for 52 gold pieces
 16948 | Orc:2    | Bought a scroll of identify for 26 gold pieces
 16951 | Orc:2    | Bought 3 scrolls of teleportation for 117 gold pieces
 17112 | D:13     | Noticed Kirke
 17132 | D:13     | Killed Kirke
 17594 | D:13     | Found a burning altar of Makhleb.
 17748 | D:13     | Reached XP level 15. HP: 152/152 MP: 14/14
 17847 | D:13     | Found a gate to the Vaults.
 18278 | D:14     | Identified the flux talisman of Day {rPois rF++ rC+ Will+}
 18301 | D:14     | Found a snail-covered altar of Cheibriados.
 18372 | D:14     | Noticed Lodul
 18388 | D:14     | Killed Lodul
 18550 | D:15     | Entered Level 15 of the Dungeon
 18699 | D:15     | Paralysed by something for 5 turns
 19071 | D:15     | Found a staircase to the Depths.
 20105 | Orc:2    | Bought a ring of poison resistance for 320 gold pieces
 20282 | Snake:1  | Entered Level 1 of the Snake Pit
 20282 | Snake:1  | Found Guitykah's Assorted Antiques.
 20450 | Snake:1  | Identified the serpent talisman of Tenacity {Dex+3}
 20450 | Snake:1  | Noticed Aizul
 20471 | Snake:1  | Killed Aizul
 20611 | Snake:1  | You fall into a shaft and drop 1 floor!
 20651 | Snake:2  | Reached XP level 16. HP: 106/165 MP: 15/15
 23469 | Snake:4  | Entered Level 4 of the Snake Pit
 23935 | Snake:4  | Noticed Mlioglotl
 23946 | Snake:4  | Killed Mlioglotl
 24065 | Snake:4  | Noticed bakla's ghost (adept CoWr)
 24068 | Snake:4  | Found a runed translucent door.
 24335 | Snake:4  | Reached XP level 17. HP: 175/175 MP: 16/16
 24355 | Snake:4  | Noticed Nikola
 24373 | Snake:3  | Killed Nikola
 24457 | Snake:4  | Identified the +5 war axe of Rady {protect, rN+}
 25177 | Snake:4  | Got a serpentine rune of Zot
 25279 | Snake:4  | Killed bakla's ghost
 25465 | Shoals:1 | Entered Level 1 of the Shoals
 25791 | Shoals:1 | Found Cidgharee's General Store.
 28076 | Shoals:3 | Identified the +1 battleaxe of Prudence {antimagic, Will+
                  | Str+4 SInv}
 28393 | Shoals:4 | Entered Level 4 of the Shoals
 28532 | Shoals:4 | Found a glowing golden altar of the Shining One.
 28560 | Shoals:4 | Reached XP level 18. HP: 122/188 MP: 17/17
 28564 | Shoals:4 | Reached skill level 15 in Shields
 29029 | Shoals:4 | Found a glowing silver altar of Zin.
 29086 | Shoals:4 | Identified the ring of Imefygel {Fire Str+3 Slay+2}
 29567 | Shoals:4 | Found a white marble altar of Elyvilon.
 29592 | Shoals:4 | Got a barnacled rune of Zot
 30253 | D:11     | Upgraded the game from 0.32-a0-656-g3542139ebd to
                  | 0.32-a0-666-ge8a88695a4
 30304 | Elf:1    | Entered Level 1 of the Elven Halls
 30364 | Elf:1    | Found a glacial archway.
 30381 | IceCv    | Entered an ice cave
 30647 | IceCv    | Noticed an Ice Fiend
 30647 | IceCv    | Noticed an Ice Fiend
 30928 | Elf:1    | Found Yqoeqeq's Magic Scroll Emporium.
 30932 | Elf:1    | Bought a scroll of blinking for 135 gold pieces
 30932 | Elf:1    | Bought a scroll of blinking for 135 gold pieces
 31610 | Orc:2    | Bought a ring of willpower for 400 gold pieces
 31792 | Elf:2    | Found a flickering gateway to a bazaar.
 31798 | Bazaar   | Entered a bazaar
 31800 | Bazaar   | Found Vuja's Assorted Antiques.
 31871 | Bazaar   | Found Ikiheuph's Book Shop.
 31916 | Bazaar   | Found Riggump's General Store.
 31916 | Bazaar   | Found Ekekhlo's Weapon Boutique.
 31942 | Bazaar   | Bought a potion of heal wounds for 150 gold pieces
 31954 | Bazaar   | Bought a book of Spatial Translocations for 252 gold pieces
 31960 | Bazaar   | Learned a level 2 spell: Blink
 31963 | Bazaar   | Learned a level 2 spell: Lesser Beckoning
 32219 | Elf:2    | Paralysed by an air elemental for 1 turns
 32259 | Elf:2    | Reached skill level 1 in Translocations
 32259 | Elf:2    | Found a runed translucent gate.
 32259 | Elf:2    | Found a runed translucent gate.
 32259 | Elf:2    | Found a runed translucent gate.
 32291 | Elf:2    | Reached skill level 1 in Spellcasting
 32519 | Elf:2    | Reached XP level 19. HP: 190/191 MP: 19/19
 33556 | Elf:3    | Entered Level 3 of the Elven Halls
 33556 | Elf:3    | Found Ofrital's General Store.
 33632 | Elf:3    | Found Byr Zuock's General Store.
 33705 | Elf:3    | Found Rasoruc's Antique Armour Boutique.
 33848 | Elf:2    | Found a radiant altar of Vehumet.
 33873 | Elf:3    | Found Zutiqiju's Distillery.
 33881 | Elf:3    | Bought 2 potions of lignification for 114 gold pieces
 33881 | Elf:3    | Bought a potion of lignification for 57 gold pieces
 34066 | Elf:3    | Found Omnaymn's Distillery.
 34076 | Elf:3    | Bought a potion of resistance for 140 gold pieces
 34655 | Elf:3    | Identified the +9 glaive of the Tentacled God {heavy, rN+
                  | Int+4}
 34758 | Elf:3    | Noticed a Brimstone Fiend
 35066 | Elf:3    | Identified the +10 battleaxe of the Wraith {speed, Will-
                  | Str+8 Int+4}
 35244 | Elf:3    | Reached skill level 15 in Fighting
 35425 | Elf:3    | Got Easy Hermetics
 35540 | Elf:3    | Identified the +2 spear "Geifrus" {protect, rElec rPois
                  | rC+}
 35542 | Elf:3    | Got the Book of Congelation
 35548 | Elf:3    | Identified the +5 arbalest of Tumult {flame, Str+5 Stlth-}
 35872 | Vaults:1 | Entered Level 1 of the Vaults
 35983 | D:13     | Learned a level 4 spell: Vhi's Electric Charge
 36467 | Vaults:1 | Noticed Saint Roka
 36480 | Vaults:1 | Killed Saint Roka
 36638 | Vaults:1 | Identified the +5 morningstar of the Unbearable God {venom,
                  | rPois rCorr Dex+2}
 36852 | Vaults:1 | Found Lecap's Weapon Boutique.
 36929 | Vaults:1 | Reached XP level 20. HP: 175/210 MP: 23/23
 37395 | Vaults:1 | Noticed Norris
 37961 | Vaults:1 | Killed Norris
 38060 | Vaults:1 | Found Lecap's Weapon Boutique.
 38516 | Vaults:2 | Noticed Donald
 38522 | Vaults:2 | Killed Donald
 38631 | Vaults:2 | Reached skill level 5 in Translocations
 39453 | Vaults:2 | Noticed Sojobo
 39673 | Vaults:2 | Killed Sojobo
 39890 | Vaults:2 | Noticed Zenata
 40331 | Vaults:2 | Noticed Mennas
 40335 | Vaults:2 | Killed Mennas
 40335 | Vaults:2 | Reached XP level 21. HP: 221/221 MP: 24/24
 40348 | Vaults:2 | Killed Zenata
 40969 | Vaults:3 | Reached skill level 1 in Shapeshifting
 40971 | Vaults:3 | Reached ****** piety under Wu Jian
 41364 | Vaults:3 | Found a staircase to the Crypt.
 41768 | Vaults:3 | Noticed Xedevy's ghost (adept KoEn)
 41887 | Vaults:3 | Found a transporter.
 41889 | Vaults:3 | Found a transporter.
 41917 | Vaults:3 | Identified a scroll of acquirement
 42456 | Vaults:4 | Reached skill level 5 in Shapeshifting
 42947 | Vaults:4 | Noticed Jory
 42959 | Vaults:4 | Killed Jory
 43492 | Vaults:4 | Found a portal to a secret trove of treasure.
 44244 | Depths:1 | Entered Level 1 of the Depths
 44273 | Depths:1 | Reached skill level 10 in Shapeshifting
 44399 | Depths:1 | Found a hide-covered altar of Uskayaw.
 44416 | Depths:1 | Found Biuterhe's Gadget Gallery.
 44564 | Depths:1 | Found a one-way gateway to a ziggurat.
 44790 | Depths:1 | Found a gateway to Hell.
 45421 | Depths:2 | Found Wuihud's Book Shoppe.
 45426 | Depths:2 | Found a one-way gate to the infinite horrors of the Abyss.
 45746 | Depths:2 | Reached XP level 22. HP: 224/231 MP: 25/25
 46050 | Depths:2 | Found a runed translucent door.
 46551 | Depths:2 | Found a one-way gate leading to the halls of Pandemonium.
 46763 | Depths:2 | Found the ring of the Mage {Wiz Archmagi}
 47239 | Vaults:3 | Killed Xedevy's ghost
 47245 | Vaults:3 | Identified the +0 hat of Salvation {Harm rN+++ Slay+4}
 47489 | Depths:1 | Acquired the +1 cloak of the Gravedigger {rF+ Str+3}
 48025 | Depths:3 | Found Plog's Antique Weapon Emporium.
 48170 | Depths:3 | Reached skill level 15 in Shapeshifting
 48495 | Depths:3 | Found Gozag's Assorted Antiques.
 48510 | Depths:3 | Found an opulent altar of Gozag.
 48510 | Depths:3 | Noticed a golden dragon
 48517 | Depths:3 | Found Gozag's Assorted Antiques.
 48520 | Depths:3 | Found Gozag's Assorted Antiques.
 48544 | Depths:3 | Killed a golden dragon
 48902 | Depths:4 | Entered Level 4 of the Depths
 48943 | Depths:4 | Noticed a golden dragon
 48951 | Depths:4 | Killed a golden dragon
 49018 | Depths:4 | Found a gate to the Realm of Zot.
 49062 | Depths:4 | Found a magical portal.
 49071 | WizLab   | Entered Tukima's Studio
 49114 | WizLab   | Identified the +3 triple crossbow of Courage {penet, rPois
                  | rN+ Str+2 Dex-2}
 49195 | WizLab   | Reached XP level 23. HP: 239/239 MP: 26/26
 49274 | WizLab   | Noticed killozap's illusion
 49556 | Depths:4 | Found Vixtaqal's Magic Scroll Boutique.
 49562 | Depths:4 | Bought a scroll of blinking for 127 gold pieces
 49562 | Depths:4 | Bought a scroll of fear for 68 gold pieces
 50612 | Orc:2    | Bought a ring of willpower for 400 gold pieces
 50876 | Crypt:1  | Entered Level 1 of the Crypt
 51063 | Crypt:1  | Identified the ring of Nobility {Ice *Slow rN+++ Str+3
                  | Dex+2}
 51063 | Crypt:1  | Noticed Josephina
 51067 | Crypt:1  | Killed Josephina
 51868 | Crypt:2  | Found a basalt altar of Yredelemnul.
 51935 | Crypt:2  | Noticed an ancient lich
 51939 | Crypt:2  | Killed an ancient lich
 52117 | Crypt:2  | Noticed a royal mummy
 52118 | Crypt:2  | Noticed a royal mummy
 52120 | Crypt:2  | Noticed Khufu
 52306 | Crypt:2  | Killed Khufu
 52308 | Crypt:2  | Killed a royal mummy
 52309 | Crypt:2  | Killed a royal mummy
 52551 | Crypt:3  | Entered Level 3 of the Crypt
 52686 | Crypt:3  | Found a staircase to the Tomb.
 52966 | Crypt:3  | Got Khufu's Guide on the Dead
 53065 | Crypt:3  | Noticed a dread lich
 53070 | Crypt:3  | Killed a dread lich
 53078 | Crypt:3  | Found an ancient bone altar of Kikubaaqudgha.
 53198 | Crypt:3  | Found the +2 pair of slick slippers {slick, slippery, EV+4}
 53213 | Crypt:3  | Identified the ring "Qetofycha" {rF+ rN+}
 53213 | Crypt:3  | Identified the ring "Rikhil" {^Contam rN++ Int+6 Dex+4}
 54117 | Slime:1  | Entered Level 1 of the Pits of Slime
 54154 | Slime:1  | Reached XP level 24. HP: 250/250 MP: 26/26
 54360 | Slime:5  | Entered Level 5 of the Pits of Slime
 54611 | Slime:5  | Noticed the Royal Jelly
 54623 | Slime:5  | Killed the Royal Jelly
 54662 | Slime:5  | Identified the staff of True Grit {rElec rC+ Will+ Air}
 54663 | Slime:5  | Identified the +6 scale mail of Fabulous Leaves {*Corrode
                  | Str+6 Dex+4}
 54670 | Slime:5  | Got Ydoubb's Omnibus of Caliginous Cleavage
 54678 | Slime:5  | Identified the +2 robe of Oniroh {rF+ Str+2 Dex+2}
 54680 | Slime:5  | Identified the +1 ring mail of Tartarus {rF+}
 54689 | Slime:5  | Identified the ring of Ytwaefah {rN+ AC+4 Dex+3}
 54707 | Slime:5  | Got a slimy rune of Zot
 54708 | Slime:5  | Identified the +6 sling "Voasmi" {antimagic, rN+}
 54710 | Slime:5  | Got Xailew's Vademecum on Attacks
 54733 | Slime:5  | Got the Meditations on Amathomancy and the Excursion
 54749 | Slime:5  | Identified the ring "Hecahapp" {Fire +Blink rElec Str-2
                  | Dex+4}
 55440 | Zot:1    | Entered Level 1 of the Realm of Zot
 56021 | Zot:1    | Noticed Vv
 56058 | Zot:1    | Killed Vv
 56989 | Elf:3    | Bought a potion of haste for 140 gold pieces
 57307 | Vaults:4 | You paid a toll of 8 potions of haste to enter a treasure
                  | trove
 57308 | Trove    | Entered a treasure trove
 57340 | Trove    | Identified the +4 cloak "Sacamue" {rN+ Dex+4}
 57361 | Trove    | Identified the +1 hat of Recklessness {Will+ Int+3 Dex+4}
 57376 | Trove    | Identified the +4 buckler "Isageow" {rC+ Will+ Dex+2}
 57377 | Trove    | Identified the +2 tower shield "Surchown" {Will- MP+9
                  | Int+2}
 58189 | Zot:3    | Reached XP level 25. HP: 261/261 MP: 26/26
 58431 | Zot:3    | Identified the +8 double sword of Jowawea {flame, *Noise
                  | +Blink rElec rCorr}
 58590 | Zot:3    | You fall into a shaft and drop 1 floor!
 58680 | Zot:4    | Noticed a Killer Klown
 58687 | Zot:4    | Killed a Killer Klown
 58739 | Zot:4    | Noticed an orb of fire
 58744 | Zot:4    | Killed an orb of fire
 58747 | Zot:4    | Noticed an orb of fire
 58749 | Zot:4    | Killed an orb of fire
 59267 | Zot:4    | Learned a level 1 spell: Apportation
 59287 | Zot:4    | Upgraded the game from 0.32-a0-666-ge8a88695a4 to
                  | 0.32-a0-685-g93135e86f0
 59675 | Vaults:5 | Entered Level 5 of the Vaults
 59683 | Vaults:5 | Reached skill level 1 in Armour
 59868 | Vaults:5 | Noticed a dread lich
 59871 | Vaults:5 | Killed a dread lich
 59921 | Vaults:5 | Identified the amulet of Qiduf {Regen+ Dex+7}
 59933 | Vaults:5 | Noticed a dread lich
 59945 | Vaults:5 | Killed a dread lich
 60139 | Vaults:5 | Noticed an ancient lich
 60150 | Vaults:5 | Killed an ancient lich
 60152 | Vaults:5 | Reached XP level 26. HP: 273/273 MP: 26/26
 60350 | Vaults:5 | Identified the amulet "Ygypel" {^Contam rF+ rN++ RegenMP+
                  | Int+4}
 60517 | Vaults:5 | Found the +8 Vampire's Tooth {megavamp}
 60669 | Vaults:5 | Identified the staff of Tenacity {rElec rF+ rC+ rN+ Stlth-
                  | Ice}
 61066 | Vaults:5 | Got a silver rune of Zot
 61074 | Vaults:5 | Got the Book of Caustic Gloom
 61772 | Snake:1  | Bought a scroll of enchant armour for 210 gold pieces
 62051 | Zig:1    | Entered Level 1 of a ziggurat
 62069 | Zig:2    | Entered Level 2 of a ziggurat
 62098 | Zig:3    | Entered Level 3 of a ziggurat
 62101 | Zig:3    | Found the +0 mask of the Dragon {Will+ Slay+3 SInv}
 62160 | Zig:4    | Entered Level 4 of a ziggurat
 62172 | Zig:4    | Reached skill level 5 in Armour
 62192 | Zig:4    | Reached XP level 27. HP: 281/282 MP: 26/26
 62205 | Zig:5    | Entered Level 5 of a ziggurat
 62223 | Zig:5    | Reached skill level 27 in Unarmed Combat
 62233 | Zig:5    | Identified the +7 dire flail "Jotaff" {vamp, rElec}
 62237 | Zig:5    | Identified the +9 great sword of the Spectre {antimagic,
                  | Fly rN++}
 62245 | Zig:6    | Entered Level 6 of a ziggurat
 62312 | Zig:7    | Entered Level 7 of a ziggurat
 62318 | Zig:7    | Paralysed by a wendigo for 1 turns
 62326 | Zig:7    | Paralysed by a wendigo for 1 turns
 62342 | Zig:7    | Identified the +5 long sword of the Protecting Moth
                  | {freeze, rElec rPois rC- Int+7}
 62358 | Zig:8    | Entered Level 8 of a ziggurat
 62365 | Zig:8    | Noticed a royal mummy
 62367 | Zig:8    | Noticed a royal mummy
 62372 | Zig:8    | Killed a royal mummy
 62403 | Zig:8    | Killed a royal mummy
 62431 | Zig:8    | Identified the staff of Xympaq {rF+ rN+ Necro}
 62846 | Pan      | Entered Pandemonium
 63036 | Pan      | Noticed Ehaum the pandemonium lord
 63040 | Pan      | Killed Ehaum the pandemonium lord
 63092 | Pan      | Found a runed translucent door.
 63225 | Pan      | Got a demonic rune of Zot
 64178 | Pan      | Noticed Xidomy the pandemonium lord
 64188 | Pan      | Killed Xidomy the pandemonium lord
 64457 | Pan      | Identified the +2 ring mail "Kiosed" {Rampage Will+++ Int-2
                  | Slay+6}
 65052 | Pan      | Upgraded the game from 0.32-a0-685-g93135e86f0 to
                  | 0.32-a0-699-g1ee5eff69a
 65094 | Pan      | Reached skill level 1 in Air Magic
 65195 | Pan      | Found an exit through the horrors of the Abyss.
 65381 | Pan      | Entered the realm of Lom Lobon.
 66022 | Pan      | Noticed Lom Lobon
 66066 | Pan      | Got a magical rune of Zot
 66104 | Pan      | Killed Lom Lobon
 66430 | Pan      | Found an exit through the horrors of the Abyss.
 66438 | Pan      | Acquired a manual of Fighting
 66442 | Pan      | Acquired 1102 gold pieces
 66760 | Pan      | Entered the realm of Cerebov.
 66793 | Pan      | Identified the +1 shortbow of the Jolly Visions {flame, rF+
                  | Str+4}
 66815 | Pan      | Identified the ring of Jumooc {rPois rN++ Str-2 Int+6
                  | Stlth+}
 66901 | Pan      | Identified the +1 helmet of the King of the Hill {rF+
                  | Will+}
 66904 | Pan      | Identified the amulet of Xom's Entertainment {Regen+
                  | RegenMP+}
 66954 | Pan      | Got the Verses on Rime and Blasting
 67082 | Pan      | Found the +6 sword of Cerebov {flame}
 67082 | Pan      | Noticed Cerebov
 67096 | Pan      | Killed Cerebov
 67159 | Pan      | Got a fiery rune of Zot
 67345 | Pan      | Reached skill level 10 in Armour
 67394 | Pan      | Noticed Rahuer the pandemonium lord
 67403 | Pan      | Killed Rahuer the pandemonium lord
 67456 | Pan      | Paralysed by accursed screaming for 1 turns
 67625 | Pan      | Found an exit through the horrors of the Abyss.
 67683 | Pan      | Entered the realm of Gloorx Vloq.
 67872 | Pan      | Found an exit through the horrors of the Abyss.
 67883 | Pan      | Identified the +4 scale mail of the Sunfish {rC+ Stlth+}
 68259 | Pan      | Noticed Gloorx Vloq
 68270 | Pan      | Killed Gloorx Vloq
 68282 | Pan      | Got a dark rune of Zot
 68386 | Pan      | Entered the realm of Mnoleg.
 68459 | Pan      | Found an exit through the horrors of the Abyss.
 68517 | Pan      | Gained mutation: You are dopey. (Int -2) [a cacodemon]
 68751 | Pan      | Noticed Mnoleg
 68761 | Pan      | Killed Mnoleg
 68879 | Pan      | Got a glowing rune of Zot
 69115 | Pan      | Noticed Ignacio
 69119 | Pan      | Killed Ignacio
 69120 | Pan      | Reached skill level 10 in Translocations
 69160 | Pan      | Identified the +3 war axe of Zuz Gin {holy, rC+ rN+ Str+2}
 70255 | Pan      | Found an exit through the horrors of the Abyss.
 70439 | Pan      | Took an exit into the Abyss.
 70439 | Abyss:1  | Escaped into the Abyss
 70614 | Abyss:2  | Found a corrupted altar of Lugonu.
 70851 | Abyss:3  | Found a corrupted altar of Lugonu.
 71122 | Abyss:3  | Found a basalt altar of Yredelemnul.
 71831 | Abyss:3  | Found a corrupted altar of Lugonu.
 71838 | Abyss:3  | Found a corrupted altar of Lugonu.
 71840 | Abyss:3  | Found a corrupted altar of Lugonu.
 71840 | Abyss:3  | Found a corrupted altar of Lugonu.
 72088 | Abyss:3  | Found a corrupted altar of Lugonu.
 72213 | Abyss:3  | Reached skill level 15 in Armour
 72292 | Abyss:3  | Noticed an ancient lich
 72295 | Abyss:3  | Killed an ancient lich
 72634 | Abyss:3  | Gained mutation: Armour fits poorly on your strangely
                  | shaped body. [a neqoxec]
 72648 | Abyss:3  | Gained mutation: Your health recovers twice as slowly from
                  | being drained. [a neqoxec]
 72765 | Abyss:3  | Gained mutation: You occasionally lose the ability to drink
                  | potions when taking damage. [a cacodemon]
 72824 | Abyss:3  | Got the Meditations on Phlogiston
 72852 | Abyss:3  | Gained mutation: You are very dopey. (Int -4) [a neqoxec]
 72854 | Abyss:3  | Gained mutation: You sometimes lose your temper in combat.
                  | [a neqoxec]
 72863 | Abyss:3  | Found a corrupted altar of Lugonu.
 73111 | Abyss:3  | Noticed an ancient lich
 73114 | Abyss:3  | Killed an ancient lich
 73284 | Abyss:3  | Paralysed by an air elemental for 1 turns
 73673 | Abyss:4  | Noticed a dread lich
 73675 | Abyss:4  | Killed a dread lich
 73680 | Abyss:4  | Noticed an ancient lich
 73687 | Abyss:4  | Killed an ancient lich
 73754 | Abyss:4  | Gained mutation: You are frail. (-10% HP) [a neqoxec]
 73754 | Abyss:4  | Paralysed by accursed screaming for 1 turns
 73758 | Abyss:4  | Gained mutation: You are vulnerable to cold. (rC-) [a
                  | neqoxec]
 73777 | Abyss:4  | Found a corrupted altar of Lugonu.
 73778 | Abyss:4  | Found a corrupted altar of Lugonu.
 73778 | Abyss:4  | Found a corrupted altar of Lugonu.
 74191 | Abyss:5  | Got an abyssal rune of Zot
 74272 | Depths:2 | Escaped the Abyss
 74352 | Depths:2 | Lost mutation: You occasionally lose the ability to drink
                  | potions when taking damage. [potion of mutation]
 74352 | Depths:2 | Lost mutation: Armour fits poorly on your strangely shaped
                  | body. [potion of mutation]
 74352 | Depths:2 | Lost mutation: You are very dopey. (Int -4) [potion of
                  | mutation]
 74352 | Depths:2 | Lost mutation: You have an uncontrollable temper. [potion
                  | of mutation]
 74353 | Depths:2 | Lost mutation: You are vulnerable to cold. (rC-) [potion of
                  | mutation]
 74353 | Depths:2 | Lost mutation: You are very frail. (-20% HP) [potion of
                  | mutation]
 74353 | Depths:2 | Lost mutation: You are dopey. (Int -2) [potion of mutation]
 74353 | Depths:2 | Gained mutation: You have a somewhat thin skeletal
                  | structure. (Dex +2, Stealth+) [potion of mutation]
 74353 | Depths:2 | Gained mutation: You are weak. (Str -2) [potion of
                  | mutation]
 74353 | Depths:2 | Gained mutation: You expend magic power (3 MP) to
                  | strengthen your wands. [potion of mutation]
 74361 | Depths:2 | Upgraded the game from 0.32-a0-699-g1ee5eff69a to
                  | 0.32-a0-732-ga344392067
 74416 | Hell     | Entered the Vestibule of Hell
 74416 | Hell     | Noticed Geryon
 74432 | Hell     | Killed Geryon
 74433 | Hell     | Reached skill level 1 in Evocations
 74522 | Hell     | Found a gateway to the Iron City of Dis.
 74726 | Hell     | Found a gateway to the ashen valley of Gehenna.
 74798 | Hell     | Paralysed by a wendigo for 1 turns
 74840 | Hell     | Found a gateway to the decaying netherworld of Tartarus.
 74908 | Hell     | Found a gateway to the freezing wastes of Cocytus.
 74923 | Hell     | Paralysed by a wendigo for 1 turns
 75153 | Dis:1    | Entered Level 1 of the Iron City of Dis
 75210 | Dis:2    | Reached skill level 5 in Evocations
 75512 | Dis:4    | You fall into a shaft and drop 2 floors!
 75776 | Dis:7    | Entered Level 7 of the Iron City of Dis
 76166 | Dis:7    | Found the +4 skin of Zhor {*Englaciate rC+++ SInv}
 76171 | Dis:7    | Got the Meditations on the Inferno
 76240 | Dis:7    | Noticed a dread lich
 76247 | Dis:7    | Killed a dread lich
 76677 | Dis:7    | Noticed a juggernaut
 76689 | Dis:7    | Killed a juggernaut
 76796 | Dis:7    | Reached skill level 27 in Fighting
 77147 | Dis:7    | Noticed an ancient lich
 77155 | Dis:7    | Killed an ancient lich
 77257 | Dis:7    | Noticed a juggernaut
 77264 | Dis:7    | Killed a juggernaut
 77300 | Dis:7    | Noticed Dispater
 77300 | Dis:7    | Noticed a juggernaut
 77315 | Dis:7    | Killed Dispater
 77318 | Dis:7    | Reached skill level 10 in Evocations
 77319 | Dis:7    | Killed a juggernaut
 77355 | Dis:7    | Identified the +0 pair of boots of Pride {Dex+2}
 77362 | Dis:7    | Got an iron rune of Zot
 77365 | Dis:7    | Identified the +3 mace of the Vendetta {spect, +Blink rPois
                  | Int-4 Dex+4}
 77567 | Tar:1    | Entered Level 1 of Tartarus
 77740 | Tar:2    | You fall into a shaft and drop 1 floor!
 78087 | Tar:7    | Entered Level 7 of Tartarus
 78870 | Tar:7    | Reached skill level 15 in Evocations
 79307 | Tar:7    | Noticed Ereshkigal
 79444 | Tar:7    | Killed Ereshkigal
 79467 | Tar:7    | Got a bone rune of Zot
 80822 | Coc:1    | Entered Level 1 of Cocytus
 80860 | Coc:1    | Paralysed by a wendigo for 1 turns
 80864 | Coc:1    | You are sucked into a shaft and drop 1 floor!
 81087 | Coc:4    | Paralysed by a wendigo for 1 turns
 81222 | Coc:5    | Paralysed by a wendigo for 1 turns
 81270 | Coc:6    | Paralysed by a wendigo for 1 turns
 81319 | Coc:7    | Entered Level 7 of Cocytus
 81372 | Coc:7    | Paralysed by a wendigo for 1 turns
 81409 | Coc:7    | Paralysed by a wendigo for 1 turns
 81544 | Coc:7    | Noticed Antaeus
 81582 | Coc:7    | Killed Antaeus
 81583 | Coc:7    | Reached skill level 27 in Shields
 81655 | Coc:7    | Got an icy rune of Zot
 81769 | Coc:7    | Identified the +4 pair of gloves of the Spider Nest
                  | {^Contam rF+ rN+}
 81950 | Coc:7    | Reached skill level 5 in Air Magic
 82123 | Coc:7    | Paralysed by a wendigo for 1 turns
 82126 | Coc:7    | Paralysed by a wendigo for 1 turns
 82137 | Coc:7    | Paralysed by a wendigo for 1 turns
 82142 | Coc:7    | Paralysed by a wendigo for 1 turns
 82217 | Coc:7    | Paralysed by a wendigo for 1 turns
 82537 | Geh:1    | Entered Level 1 of Gehenna
 82823 | Geh:3    | You fall into a shaft and drop 2 floors!
 82990 | Geh:6    | Noticed a dread lich
 82998 | Geh:6    | Killed a dread lich
 83007 | Geh:7    | Entered Level 7 of Gehenna
 83069 | Geh:7    | Noticed the Serpent of Hell
 83088 | Geh:7    | Killed the Serpent of Hell
 83489 | Geh:7    | Identified the +5 dagger of Ranuhymm {pain, rPois rN+
                  | Stlth+}
 83671 | Geh:7    | Found the +13 sceptre of Asmodeus
 83671 | Geh:7    | Noticed Asmodeus
 83678 | Geh:7    | Killed Asmodeus
 83686 | Geh:7    | Got an obsidian rune of Zot
 83750 | Geh:7    | Identified the +6 mace of Dust {drain, rC++ Stlth+}
 84057 | Geh:7    | Reached skill level 10 in Air Magic
 84820 | Tomb:1   | Entered Level 1 of the Tomb of the Ancients
 85218 | Tomb:1   | Noticed a royal mummy
 85225 | Tomb:1   | Killed a royal mummy
 85298 | Tomb:1   | Noticed a royal mummy
 85322 | Tomb:1   | Killed a royal mummy
 85574 | Tomb:1   | Lost mutation: You are weak. (Str -2) [potion of mutation]
 85574 | Tomb:1   | Lost mutation: Your health recovers twice as slowly from
                  | being drained. [potion of mutation]
 85574 | Tomb:1   | Lost mutation: You have a somewhat thin skeletal structure.
                  | (Dex +2, Stealth+) [potion of mutation]
 85574 | Tomb:1   | Gained mutation: Your system is resistant to poisons.
                  | (rPois) [potion of mutation]
 85607 | Tomb:2   | Noticed a royal mummy
 85609 | Tomb:2   | Noticed a royal mummy
 85611 | Tomb:2   | Killed a royal mummy
 85612 | Tomb:2   | Noticed a royal mummy
 85617 | Tomb:2   | Noticed a royal mummy
 85678 | Tomb:2   | Noticed a royal mummy
 85681 | Tomb:2   | Killed a royal mummy
 85689 | Tomb:2   | Killed a royal mummy
 85693 | Tomb:2   | Killed a royal mummy
 85700 | Tomb:2   | Killed a royal mummy
 85972 | Tomb:1   | Noticed a royal mummy
 85972 | Tomb:1   | Noticed a royal mummy
 85972 | Tomb:1   | Noticed a royal mummy
 85976 | Tomb:1   | Killed a royal mummy
 85982 | Tomb:1   | Killed a royal mummy
 85988 | Tomb:1   | Killed a royal mummy
 86027 | Tomb:1   | Noticed a royal mummy
 86032 | Tomb:1   | Killed a royal mummy
 86060 | Tomb:1   | Noticed a royal mummy
 86065 | Tomb:1   | Killed a royal mummy
 86483 | Tomb:3   | Entered Level 3 of the Tomb of the Ancients
 86519 | Tomb:3   | Noticed a royal mummy
 86539 | Tomb:3   | Noticed a royal mummy
 86542 | Tomb:3   | Killed a royal mummy
 86543 | Tomb:3   | Noticed a royal mummy
 86546 | Tomb:3   | Killed a royal mummy
 86556 | Tomb:3   | Killed a royal mummy
 86592 | Tomb:3   | Noticed a royal mummy
 86604 | Tomb:3   | Killed a royal mummy
 86839 | Tomb:3   | Identified the staff of Nemelex Xobeh {rC+ Int+5 Ice}
 86840 | Tomb:3   | Identified the amulet of Peteffoh {Faith Int+3}
 86848 | Tomb:3   | Identified the +1 great sword of Bedazzled Watchfulness
                  | {freeze, Str+6}
 86853 | Tomb:3   | Got Puacvoit's Precepts of Pneumatic Refrigeration
 86869 | Tomb:3   | Identified the ring "Edosodeps" {rF- Will+ Int-4 Dex+6}
 86879 | Tomb:3   | Identified the +0 chain mail of Ignis's Approval {rPois
                  | MP+9 Dex-4 SInv}
 86938 | Tomb:3   | Identified the +0 chain mail of Beogh's Supremacy {Rampage}
 86941 | Tomb:3   | Identified the staff of Evil {Will+ Str+3 Dex+3 Earth}
 86995 | Tomb:3   | Noticed a royal mummy
 86996 | Tomb:3   | Noticed a royal mummy
 86998 | Tomb:3   | Noticed a royal mummy
 86999 | Tomb:3   | Noticed a royal mummy
 87003 | Tomb:3   | Killed a royal mummy
 87007 | Tomb:3   | Killed a royal mummy
 87009 | Tomb:3   | Killed a royal mummy
 87012 | Tomb:3   | Killed a royal mummy
 87062 | Tomb:3   | Got a golden rune of Zot
 87752 | Zot:5    | Entered Level 5 of the Realm of Zot
 88210 | Zot:5    | Noticed an orb of fire
 88219 | Zot:5    | Noticed an orb of fire
 88221 | Zot:5    | Noticed an orb of fire
 88221 | Zot:5    | Noticed an orb of fire
 88223 | Zot:5    | Killed an orb of fire
 88225 | Zot:5    | Noticed an orb of fire
 88225 | Zot:5    | Noticed an orb of fire
 88225 | Zot:5    | Noticed a dread lich
 88227 | Zot:5    | Noticed an orb of fire
 88227 | Zot:5    | Killed an orb of fire
 88228 | Zot:5    | Killed an orb of fire
 88229 | Zot:5    | Noticed an ancient lich
 88231 | Zot:5    | Killed an orb of fire
 88235 | Zot:5    | Killed an orb of fire
 88239 | Zot:5    | Killed an orb of fire
 88243 | Zot:5    | Killed an orb of fire
 88245 | Zot:5    | Killed a dread lich
 88249 | Zot:5    | Noticed an ancient lich
 88253 | Zot:5    | Killed an ancient lich
 88259 | Zot:5    | Killed an ancient lich
 88723 | Zot:5    | Got the Orb of Zot
 89168 | D:1      | Lost mutation: Your system is resistant to poisons. (rPois)
                  | [potion of mutation]
 89168 | D:1      | Lost mutation: You expend magic power (3 MP) to strengthen
                  | your wands. [potion of mutation]
 89168 | D:1      | Gained mutation: You sometimes lose your temper in combat.
                  | [potion of mutation]
 89168 | D:1      | Lost mutation: You sometimes lose your temper in combat.
                  | [potion of mutation]
 89169 | D:1      | Gained mutation: Your mind is acute. (Int +4, Str/Dex -1)
                  | [potion of mutation]
 89169 | D:1      | Gained mutation: You have a pair of small antennae on your
                  | head. [potion of mutation]
 89170 | D:1      | Lost mutation: You have a pair of small antennae on your
                  | head. [potion of mutation]
 89170 | D:1      | Lost mutation: Your mind is acute. (Int +4, Str/Dex -1)
                  | [potion of mutation]
 89170 | D:1      | Gained mutation: You are dopey. (Int -2) [potion of
                  | mutation]
 89171 | D:1      | Lost mutation: You are dopey. (Int -2) [potion of mutation]
 89171 | D:1      | Gained mutation: You have hidden genetic potential. [potion
                  | of mutation]
 89172 | D:1      | Lost mutation: You have hidden genetic potential. [potion
                  | of mutation]
 89172 | D:1      | Gained mutation: You are partially covered in iridescent
                  | scales. (AC +2) [potion of mutation]
 89172 | D:1      | Gained mutation: You possess an exceptional clarity of
                  | mind. [potion of mutation]
 89173 | D:1      | Lost mutation: You possess an exceptional clarity of mind.
                  | [potion of mutation]
 89173 | D:1      | Lost mutation: You are partially covered in iridescent
                  | scales. (AC +2) [potion of mutation]
 89173 | D:1      | Gained mutation: You occasionally lose the ability to drink
                  | potions when taking damage. [potion of mutation]
 89173 | D:1      | Gained mutation: You possess an exceptional clarity of
                  | mind. [potion of mutation]
 89174 | D:1      | Lost mutation: You possess an exceptional clarity of mind.
                  | [potion of mutation]
 89174 | D:1      | Lost mutation: You occasionally lose the ability to drink
                  | potions when taking damage. [potion of mutation]
 89174 | D:1      | Gained mutation: You are occasionally teleported next to
                  | monsters. [potion of mutation]
 89174 | D:1      | Gained mutation: You have supernaturally acute eyesight.
                  | (SInv) [potion of mutation]
 89177 | D:1      | Lost mutation: You are occasionally teleported next to
                  | monsters. [potion of mutation]
 89177 | D:1      | Lost mutation: You have supernaturally acute eyesight.
                  | (SInv) [potion of mutation]
 89177 | D:1      | Gained mutation: You are partially covered in iridescent
                  | scales. (AC +2) [potion of mutation]
 89177 | D:1      | Gained mutation: You are clumsy. (Dex -2) [potion of
                  | mutation]
 89177 | D:1      | Gained mutation: You have sharp toenails. [potion of
                  | mutation]
 89177 | D:1      | Lost mutation: You are clumsy. (Dex -2) [potion of
                  | mutation]
 89178 | D:1      | Noticed a seraph
 89181 | D:1      | Killed a seraph
 89197 | D:$      | Escaped with the Orb!

Illustrated notes

Levels and vault maps discovered:
D:1:      psy_arrival_whirlpool, layout_basic,
          shapermc_ecumenical_altar_starsandcircs, minmay_tromino_mix6
D:2:      layout_basic, serial_shops, nicolae_shop_industrial_runoff,
          basic_altar, kennysheep_big_empty_room, minmay_misc_feat_plants,
          nicolae_the_louvre
D:3:      layout_basic, fedhas_ov_isle_minmay, roderic_batcave, uniq_sigmund,
          uniq_robin, uniq_terence
D:4:      layout_gridville, minmay_temple_entry_poolview
D:5:      layout_basic, nicolae_ashenzari_panopticon,
          nicolae_overflow_crystal_walls, uniq_menkaure, uniq_duvessa
D:6:      layout_basic
D:7:      layout_cave_pools, mainiacjoe_overflow_surrounded_room,
          gammafunk_ghost_gnarly_gnolls
D:8:      layout_basic, uniq_pikel
D:9:      kennysheep_windowed_halls, layout_stronghold,
          trog_three_pillars_becter, mainiacjoe_overflow_small_starburst,
          enter_bailey_3
D:10:     layout_rooms
D:11:     layout_irregular_city, minmay_lair_entry_grove,
          minmay_orc_entry_guard_dogs
D:12:     nicolae_hitomezashi [nicolae_hito_row, nicolae_hito_row,
          nicolae_hito_row, nicolae_hito_row, nicolae_hito_row,
          nicolae_hito_row, nicolae_hito_row, nicolae_hito_row,
          nicolae_hito_row, nicolae_hito_row, nicolae_hito_row,
          nicolae_hito_row, nicolae_hito_row, nicolae_hito_row,
          nicolae_hito_row, nicolae_hito_row, nicolae_hito_row,
          nicolae_hito_row], layout_long_grid
D:13:     layout_roguey, skrybe_vaults_entry_preservation, minivault_23,
          demons_altar, uniq_kirke
D:14:     layout_irregular_city, basic_altar, fountainhead, uniq_lodul
D:15:     hangedman_crystal_crosses_colossus [crystal_crosses_arms_four,
          crystal_crosses_arms_four, crystal_crosses_arms_two]
Temple:   nicolae_temple_x_marks_the_god
Lair:1:   gammafunk_indiana_jones, layout_gridlike, serial_bayou_shore_b,
          lemuel_fruit_tree, grunt_megastairs_5, serial_bayou_shore_b
Lair:2:   layout_gridlike, guppyfry_snake_entry_island, special_room
          [special_room_bee]
Lair:3:   layout_layer_cave, elwin_shoals_entry_rocks, basic_altar
Lair:4:   nzn_winding_woodlands_small [nzn_winding_woodlands_5x15_lazy_stream,
          nzn_winding_woodlands_center_pierced_h,
          nzn_winding_woodlands_5x15_concentric], layout_cave_shapes,
          lightli_volcano_entry_magma_tube, basic_altar, dpeg_oklob_1
Lair:5:   minmay_lair_end_enchanted_forest, layout_gridlike,
          nicolae_slime_entry_field_trip, grunt_megastairs_1,
          serial_bayou_shore_b
Shoals:1: layout_shoals, serial_shops, shop
Shoals:2: layout_shoals, nicolae_shoals_mertower
Shoals:3: argonaut_golden_fleece, layout_shoals, nicolae_shoals_hunting_party
Shoals:4: shoals_end_hellmonk_holy_island
Snake:1:  cheibrodos_snake_ritualist_ritual, layout_misc_corridors,
          serial_bayou, serial_bayou_crossing, serial_bayou_pond_a,
          serial_bayou_ford_a, serial_bayou_lagoon_a, serial_shops, shop,
          uniq_aizul
Snake:2:  layout_gridlike, nicolae_snake_salamander_stairs
Snake:3:  layout_layer_cave
Snake:4:  minmay_snake_end_coiled, layout_cave_town,
          hellmonk_ghost_happy_afterlife, st_stairs_6, uniq_nikola,
          uniq_mlioglotl
Slime:1:  layout_caves, nicolae_slime_phagocytosis
Slime:2:  layout_caves
Slime:3:  layout_caves
Slime:4:  layout_caves
Slime:5:  slime_pit_nicolae_royal_road_to_ruin
Orc:1:    layout_caves, uniq_gastronok
Orc:2:    st_orc_elflike, layout_diamond_mine, basic_altar
Elf:1:    layout_loops_cross, portal_ice_cave_entry_pillars_four, serial_shops,
          nicolae_diamond_shop, hangedman_elf_disciples
Elf:2:    nicolae_elf_blades_splatter_lattice [mumra_blade_entry_dagger],
          layout_geoelf_octagon, serial_shops, bzr_entry_safe,
          lemuel_upstairs_altar
Elf:3:    elf_hall_gauntlet_wide, layout_loops_cross, serial_shops, shop,
          nicolae_shop_tiny_statue_garden, shop, shop, nicolae_shop_hallway_plus
Vaults:1: nicolae_vaults_cornered_office, v_misc_8, nicolae_vaults_mush_room,
          ontoclasm_vaults_pinch, nicolae_vaults_meiosis, v_misc_12,
          vaults_room_corners, nicolae_vaults_shelves_hall, vaults_room_grid,
          vaults_dpeg_ring, ontoclasm_vaults_spin,
          nicolae_vaults_storage_room_water, nicolae_vaults_shrinking_rooms_2,
          vaults_dpeg_diagonal, nicolae_vaults_angled_halls,
          nicolae_vaults_variable_pillar_hall, layout_vaults_maze_snakey,
          serial_glass, serial_shops, nicolae_shop_competitors_out_of_business,
          uniq_norris, uniq_saint_roka
Vaults:2: grunt_vaults_funnel, nicolae_vaults_angled_halls,
          nicolae_vaults_halls_meeting, v_pattern_1, nicolae_vaults_heist,
          nicolae_vaults_specimen_jars, v_misc_5, dpeg_vaults_monster_box,
          ontoclasm_vaults_eye, layout_vaults_omnigrid, uniq_sojobo,
          uniq_donald, uniq_zenata, uniq_mennas
Vaults:3: gammafunk_ghost_mausoleum, minmay_crypt_entry_vampire_xt,
          nicolae_vaults_mitosis, nicolae_vaults_network_square, v_rooms_1,
          nicolae_vaults_steering_wheel, hangedman_vaults_hat,
          nicolae_vaults_alarming, ontoclasm_vaults_fault,
          hangedman_vaults_corner_blocks, vaults_room_octagon,
          vaults_dpeg_encased_lava, nicolae_vaults_trapezoid_lopsided_4,
          grunt_vaults_hallway_short, layout_vaults_big_cross
Vaults:4: nicolae_vaults_network_quincunx
          [nicolae_vaults_network_quincunx_subvault,
          nicolae_vaults_network_quincunx_subvault,
          nicolae_vaults_network_quincunx_subvault,
          nicolae_vaults_network_quincunx_subvault,
          nicolae_vaults_network_quincunx_subvault],
          nicolae_vaults_circle_grid_b, vaults_room_boxed,
          ontoclasm_vaults_shout, nicolae_vaults_closet_pinwheel_6,
          v_alt_pattern_6, vaults_standard_mumra_enter_the_diamond, v_misc_15,
          nicolae_vaults_big_ls, nicolae_vaults_prndl, v_misc_14, v_misc_23,
          nicolae_vaults_little_squares_5, vaults_mumra_chevron_long,
          layout_vaults_omnibox, enter_trove_0, uniq_jory
Vaults:5
Crypt:1:  layout_basic, grunt_ministairs_6, grunt_crypt_arrival_guarded_gate,
          uniq_josephina
Crypt:2:  layout_gridlike, lemuel_hellish_altar, uniq_khufu
Crypt:3:  cryptofortress_bobbens
Tomb:1
Tomb:2
Tomb:3
Depths:1: layout_small_grid, enter_ziggurat_a, hellmouth_3,
          nicolae_uskayaw_en_pointe, serial_bayou_pond_a, nicolae_shop_gadgets
Depths:2: minmay_containers, layout_small_grid, grunt_pan_entry_spiral,
          hell_entry, grunt_decor_junction, serial_shops,
          nicolae_shop_gibbet_a_chance, abyss_entry, minmay_guarded_unrand_mage
Depths:3: kennysheep_gozag_temple, layout_basic,
          serial_library_regret_index_branch_corner, abyss_entry,
          pf_vacation_house_of_asmodeus, serial_shops, shop,
          serial_library_hellmonk_filled_rooms,
          eino_small_chamber_without_monster
Depths:4: evilmike_zot_entry_diamond, layout_gridlike, mu_enter_wizlab_4,
          serial_shops, nicolae_shop_tiny_waterfront, hell_entry,
          hangedman_decor_clover_reticule, serial_rivers,
          chequers_serial_rivers_small_3, chequers_serial_rivers_marsh,
          chequers_serial_rivers_large_a, chequers_serial_rivers_large_b,
          minmay_tree_intersection
Hell
Dis:1:    layout_subdivisions
Dis:2:    layout_regular_city, glass_columns_a, nicolae_dis_spooky_hallway
Dis:3:    layout_subdivisions
Dis:4:    layout_gridville, hangedman_dis_chains
Dis:6:    layout_subdivisions, nicolae_dis_emergency_hatch
Dis:7:    dis_grunt_layers
Geh:1:    layout_gehenna_lava_caves
Geh:2:    layout_gehenna_lava_caves
Geh:3:    layout_gehenna_pools_box
Geh:5:    layout_gehenna_lava_caves
Geh:6:    layout_gehenna_pools_basic
Geh:7:    geh_hangedman
Coc:1:    layout_ice_bergs, nicolae_coc_melting_block
Coc:2:    layout_ice_bergs
Coc:3:    nicolae_hells_giants_party, layout_ice_bergs
Coc:4:    layout_cocytus_water_paths
Coc:5:    layout_ice_bergs
Coc:6:    layout_ice_bergs
Coc:7:    coc_grunt_cove [coc_grunt_cove_antaeus, coc_grunt_cove_fiend,
          coc_grunt_cove_fiend, coc_grunt_cove_fiend, coc_grunt_cove_fiend]
Tar:1:    layout_honeycomb, nicolae_hells_seeping_fissure
Tar:2:    layout_grid_maze
Tar:3:    layout_catacombs, nicolae_hells_seeping_fissure
Tar:4:    layout_grid_maze, nicolae_tar_honey_rotating
Tar:5:    layout_cathedral_of_symmetry
Tar:6:    nicolae_hells_titanomachy
Tar:7:    tar_minmay_river
Zot:1:    layout_basic, regret_index_zotdec_silver_v_v_loose,
          st_small_dragon_hoard_1, uniq_vv
Zot:2:    layout_basic, hangedman_zot_gyre
Zot:3:    layout_misc_corridors, nicolae_rock_paper_scissors
Zot:4:    layout_twisted_circle
Zot:5:    layout_cathedral_of_symmetry, grunt_ministairs_2

Skill      XL: |  1  2  3  4  5  6  7  8  9 10 11 12 13 14 15 16 17 18 19 20 21 22 23 24 25 26 27 |
---------------+----------------------------------------------------------------------------------+-----
Shields        | 3 4 5 6 7 8 9 10 11 12 14 15 16 17 18 19 27 | 27.0
Unarmed Combat | 3 4 5 6 7 9 11 12 14 15 17 19 20 22 23 24 25 26 27 | 27.0
Dodging        | 3 4 5 6 7 8 9 |  9.9
Fighting       | 3 4 5 6 7 8 9 10 11 12 13 14 15 16 17 27 | 27.0
Translocations | 1 4 5 14 | 14.5
Spellcasting   | 1 3 4 |  4.4
Shapeshifting  | 11 16 17 20 22 26 | 26.4
Armour         | 3 5 20 | 20.8
Air Magic      | 12 | 12.1
Evocations     | 16 | 16.6

Action                     |  1- 3 |  4- 6 |  7- 9 | 10-12 | 13-15 | 16-18 | 19-21 | 22-24 | 25-27 || total
---------------------------+-------+-------+-------+-------+-------+-------+-------+-------+-------++-------
  Melee: Unarmed           |   130 |   125 |   215 |   688 |  1094 |  1352 |  1499 |  1136 |  7189 || 13428
         Kick              |       |       |       |       |       |       |       |       |     4 ||     4
  Throw: Throwing net      |       |       |       |     1 |       |       |       |       |       ||     1
         Large rock        |       |       |       |       |    15 |    10 |     7 |       |    32 ||    64
         Dart              |       |       |       |       |     1 |     8 |       |       |       ||     9
         Javelin           |       |       |       |       |       |     1 |       |       |       ||     1
   Cast: Blink             |       |       |       |       |       |       |       |       |     3 ||     3
         Vhi's Electric Ch |       |       |       |       |       |       |       |       |     3 ||     3
         Apportation       |       |       |       |       |       |       |       |       |     1 ||     1
 Invoke: Serpent's Lash    |       |       |       |     6 |    19 |    48 |    16 |    12 |    29 ||   130
         Heavenly Storm    |       |       |       |       |     4 |     2 |     3 |     3 |    21 ||    33
Ability: Lunge             |       |     2 |    21 |    45 |    96 |   191 |   137 |   113 |   572 ||  1177
         Whirlwind         |       |       |       |    38 |   187 |   220 |   206 |   189 |  1338 ||  2178
         Wall Jump         |       |       |       |     4 |     8 |     8 |     5 |     4 |    22 ||    51
         Begin Untransform |       |       |       |       |       |       |       |     1 |     1 ||     2
         Siphon Essence    |       |       |       |       |       |       |       |       |     1 ||     1
  Evoke: Wand              |       |       |       |     1 |     5 |    18 |     6 |       |     4 ||    34
         Condenser vane    |       |       |       |       |     1 |     2 |       |     2 |     1 ||     6
         Lightning rod     |       |       |       |       |       |       |       |     4 |     2 ||     6
         Phantom mirror    |       |       |       |       |       |       |       |       |     4 ||     4
    Use: Potion            |       |       |     1 |       |     1 |     3 |     2 |       |    17 ||    24
         Scroll            |       |       |     8 |    13 |     9 |     9 |     5 |     5 |    17 ||    66
   Stab: Sleeping          |     1 |     1 |       |       |     1 |       |     1 |       |     4 ||     8
         Held in net/web   |       |       |     1 |       |       |       |       |       |       ||     1
         Distracted        |       |       |       |     1 |       |       |       |     1 |    22 ||    24
         Confused          |       |       |       |       |     1 |       |       |       |       ||     1
         Petrified         |       |       |       |       |     8 |       |       |       |       ||     8
         Petrifying        |       |       |       |       |     1 |       |       |       |       ||     1
 Armour: Robe              |    89 |    82 |    84 |   114 |     1 |   284 |    93 |       |       ||   747
         Troll leather arm |       |       |       |   101 |   336 |   259 |       |       |       ||   696
         Skin              |       |       |       |       |    10 |       |       |   442 |  1758 ||  2210
         Ice dragon scales |       |       |       |       |       |    20 |   317 |    49 |       ||   386
         Gold dragon scale |       |       |       |       |       |       |       |       |   678 ||   678
  Dodge: Dodged            |    58 |    42 |    48 |   149 |   234 |   263 |   180 |   254 |  1563 ||  2791
  Block: Kite shield       |    58 |   129 |   108 |   429 |   577 |   637 |       |       |       ||  1938
         Reflection        |       |       |     5 |    26 |    24 |   140 |   102 |    27 |    12 ||   336
         Tower shield      |       |       |       |       |       |   159 |  1004 |  1055 |  6856 ||  9074
   Form: Statue            |       |       |       |       |       |       |       |     3 |    14 ||    17
         Death             |       |       |       |       |       |       |       |     1 |    16 ||    17
                           |       |       |       |       |       |       |       |       |     3 ||     3

Table legend: (Time is in decaauts)
 A = Elapsed time spent in this place.
 B = Non-inter-level travel time spent in this place.
 C = Inter-level travel time spent in this place.
 D = Time resting spent in this place.
 E = Time spent auto-exploring this place.
 F = Levels seen in this place.
 G = Mean time per level.
                   A        B        C        D        E       F      G
               +--------+--------+--------+--------+--------+-----+--------+
         Total | 100948 |  84847 |  16101 |   7159 |  31911 | 122 |  827.4 |
       Dungeon |  15417 |  11697 |   3720 |    347 |   7875 |  15 | 1027.8 |
        Temple |      8 |      8 |      0 |      0 |      0 |   1 |    8.0 |
          Lair |   7029 |   5456 |   1573 |    355 |   3825 |   5 | 1405.8 |
        Shoals |   4449 |   4074 |    375 |    840 |   1176 |   4 | 1112.2 |
     Snake Pit |   5015 |   4534 |    481 |    876 |   1392 |   4 | 1253.8 |
    Slime Pits |   1434 |   1290 |    144 |    108 |    343 |   5 |  286.8 |
  Orcish Mines |   1930 |   1026 |    904 |     30 |    561 |   2 |  965.0 |
   Elven Halls |   5094 |   4334 |    760 |    872 |   1131 |   3 | 1698.0 |
        Vaults |  12690 |   9175 |   3515 |   1222 |   2942 |   5 | 2538.0 |
         Crypt |   4493 |   3848 |    645 |    192 |   1786 |   3 | 1497.7 |
          Tomb |   2406 |   1962 |    444 |     96 |    605 |   3 |  802.0 |
        Depths |   7660 |   5832 |   1828 |    837 |   1386 |   4 | 1915.0 |
          Hell |   1550 |   1231 |    319 |    240 |    375 |   1 | 1550.0 |
           Dis |   3251 |   3014 |    237 |    223 |    775 |   6 |  541.8 |
       Gehenna |   2000 |   1824 |    176 |    124 |    627 |   6 |  333.3 |
       Cocytus |   1467 |   1408 |     59 |     45 |    501 |   7 |  209.6 |
      Tartarus |   3118 |   2879 |    239 |    122 |   1283 |   7 |  445.4 |
           Zot |   5395 |   4719 |    676 |    153 |   2032 |   5 | 1079.0 |
         Abyss |   5015 |   5015 |      0 |      4 |    982 |   5 | 1003.0 |
   Pandemonium |   9809 |   9809 |      0 |    298 |   2093 |  18 |  544.9 |
      Ziggurat |    440 |    440 |      0 |     48 |      0 |   8 |   55.0 |
        Bazaar |    176 |    176 |      0 |      0 |    121 |   1 |  176.0 |
         Trove |    128 |    128 |      0 |      0 |      0 |   1 |  128.0 |
        Bailey |    298 |    298 |      0 |     56 |     61 |   1 |  298.0 |
      Ice Cave |    313 |    313 |      0 |     66 |      8 |   1 |  313.0 |
        Wizlab |    352 |    352 |      0 |      0 |     27 |   1 |  352.0 |
               +--------+--------+--------+--------+--------+-----+--------+

Top non-repeatable levels by time:
Vaults:2: 3248 daAuts
 Abyss:3: 3158 daAuts
Vaults:1: 2751 daAuts
Vaults:5: 2489 daAuts
   Tar:7: 2410 daAuts
   Dis:7: 2389 daAuts
Vaults:3: 2341 daAuts
   Elf:3: 2148 daAuts
Depths:3: 2102 daAuts
Depths:2: 2072 daAuts
    D:13: 1937 daAuts
   Elf:2: 1885 daAuts
Depths:1: 1884 daAuts
Vaults:4: 1859 daAuts
 Crypt:3: 1841 daAuts
